AoeStats
← Goose2210

Arena

510418923Analyzed
2v2 RM · 2d ago on Sep 30, 2026· 54m 38s· 4 players
Game mode
Random Map
Map size
Medium (4 player)
Population
200
Speed
Normal
Resources
Standard
Victory
Conquest
Starting age
Dark Age
Ending age
Imperial Age
RankedLock teamsTeams togetherTeam positionsShared explorationLock speedFull tech treeHidden civsTurbo modeCheats
Victory
Defeat
🇺🇸 Vikings · United States
1224
+16
🇧🇷 Franks · Brazil
1189
+18
🇨🇴 Burgundians · Colombia
1226
-17
🇨🇴 Goths · Colombia
1225
-17
rodsra
11:09 Feudal Age
15:59 Castle Age
15:04 Forging
15:03 Scale Barding Armor
15:39 Double-Bit Axe
24:10 Husbandry
27:24 Wheelbarrow
27:40 Chain Barding Armor
28:04 Forging
28:28 Hand Cart
31:59 Imperial Age
31:41 Gold Mining
32:29 Iron Casting
32:26 Devotion
32:20 Cavalier
34:34 Town Watch
35:19 Conscription
34:41 Paladin
37:32 Plate Barding Armor
38:46 Blast Furnace
40:51 Fletching
41:02 Padded Archer Armor
41:07 Elite Throwing Axeman
42:45 Elite Throwing Axeman
43:54 Scale Mail Armor
43:49 Bodkin Arrow
47:42 Onager
49:13 Ballistics
49:53 Chemistry
49:17 Ballistics
49:09 Masonry
49:05 Siege Engineers
50:53 Gold Shaft Mining
50:09 Stone Mining
Choncho
9:58 Feudal Age
14:07 Castle Age
13:33 Loom
18:11 Double-Bit Axe
21:41 Forging
22:29 Scale Mail Armor
27:47 Horse Collar
29:07 Iron Casting
29:18 Chain Mail Armor
29:12 Squires
32:09 Bow Saw
37:30 Imperial Age
36:05 Heavy Plow
37:48 Gold Mining
37:49 Stone Mining
42:13 Crop Rotation
42:45 Two-Man Saw
41:25 Heavy Scorpion
42:15 Man-at-Arms
43:01 Long Swordsman
46:28 Blast Furnace
45:11 Two-Handed Swordsman
48:32 Light Cavalry
49:35 Scale Barding Armor
50:35 Chain Barding Armor
49:55 Onager
50:02 Onager
51:24 Fletching
51:57 Ballistics
52:38 Chemistry
52:14 Conscription
52:55 Gold Shaft Mining
52:32 Bodkin Arrow
andrewyroj
1:14 Loom
11:01 Feudal Age
16:46 Castle Age
15:06 Double-Bit Axe
15:28 Horse Collar
15:27 Man-at-Arms
16:49 Scale Mail Armor
17:50 Bow Saw
17:33 Long Swordsman
20:16 Squires
21:22 Forging
21:27 Heavy Plow
21:51 Chain Mail Armor
23:20 Wheelbarrow
24:34 Iron Casting
26:19 Gold Mining
32:11 Hand Cart
32:56 Pikeman
40:12 Hand Cart
57:26 Imperial Age
Goose2210
4:03 Double-Bit Axe
10:44 Feudal Age
14:40 Castle Age
13:27 Bow Saw
13:31 Horse Collar
14:47 Light Cavalry
17:14 Stone Mining
17:51 Loom
26:23 Fervor
30:55 Fletching
31:43 Gold Mining
32:30 Sanctity
33:01 Gold Shaft Mining
33:50 Wheelbarrow
36:27 Imperial Age
35:17 Hand Cart
36:22 Heavy Plow
38:27 Chemistry
43:08 Onager
44:36 Conscription
45:40 Burgundian Vineyards
Connection lost

Rejoining the realm…

Still unreachable

The connection could not be restored.

Session expired

The server has moved on; the page needs a fresh start.